[ AOE2 MATCH · #506783863 ]
UnrankedMalians vs Goths
Player's team · WIN
Rival team · LOSS
[ REPLAY ANALYSIS · EXTRACTED FROM THE RECORDED GAME ]
Feudal
11:30
Castle
20:04
Imperial
—
| APM avg | 63.3 |
| APM peak | 94 |
| eAPM avg | 23.4 |
| Villagers / military | 41 / 27 |
Focus
⚔️ 50.9% · 🌾 49.1%
Archer ×13 · Knight ×8 · Militia ×6
Feudal
11:21
Castle
—
Imperial
—
| APM avg | 69.4 |
| APM peak | 98 |
| eAPM avg | 38.1 |
| Villagers / military | 77 / 24 |
Focus
⚔️ 46.5% · 🌾 53.5%
Skirmisher ×10 · Archer ×9 · Spearman ×5
Match map
Initial resources + every placement click. Lines = walls · curves = elevation contours. ◆ gold · ⬟ stone · ● berries · ✦ relic · ◌ wall gap
Your base· Open — 2t gap
VENÓN | Miauricio's base· Open — 7t gap
Smoothed initial terrain · ◌ = detected wall gap · hover for details
Inputs per minute
— Survivalist - - VENÓN | Miauricio
Build order — Survivalist
150 actions detected in the replay
| 0:00 | Create | Villager (Male) |
| 0:02 | Build | House |
| 0:04 | Build | House |
| 0:07 | Create | Villager (Male) |
| 0:08 | Create | Villager (Male) |
| 0:09 | Create | Villager (Male) |
| 1:23 | Create | Villager (Male) |
| 1:24 | Create | Villager (Male) |
| 1:33 | Build | Barracks |
| 2:00 | Create | Villager (Male) |
| 2:27 | Create | Villager (Male) |
| 2:34 | Create | Militia |
| 2:51 | Create | Villager (Male) |
| 3:06 | Create | Militia |
| 3:10 | Build | House |
| 3:20 | Create | Villager (Male) |
| 3:39 | Create | Militia |
| 3:45 | Create | Villager (Male) |
| 4:14 | Create | Villager (Male) |
| 4:17 | Build | House |
| 4:30 | Create | Villager (Male) |
| 4:40 | Create | Militia |
| 4:40 | Create | Militia |
| 4:59 | Create | Villager (Male) |
| 5:08 | Create | Militia |
| 5:26 | Build | House |
| 5:33 | Create | Villager (Male) |
| 5:38 | Create | Villager (Male) |
| 6:09 | Create | Villager (Male) |
| 6:27 | Build | Mining Camp |
| 6:28 | Create | Villager (Male) |
| 6:44 | Build | Palisade Wall |
| 6:44 | Build | Palisade Wall |
| 6:46 | Create | Villager (Male) |
| 6:59 | Create | Villager (Male) |
| 7:14 | Build | House |
| 7:19 | Build | Lumber Camp |
| 7:43 | Build | Palisade Wall |
| 7:45 | Build | Palisade Wall |
| 7:48 | Build | Palisade Wall |
| 7:49 | Build | Palisade Wall |
| 7:53 | Create | Villager (Male) |
| 7:57 | Build | Palisade Wall |
| 8:20 | Create | Villager (Male) |
| 8:23 | Build | Mill |
| 8:27 | Research | Loom |
| 9:20 | Research | Feudal Age |
| 9:30 | Build | Palisade Wall |
| 9:30 | Build | Palisade Wall |
| 9:31 | Build | Palisade Wall |
| 9:31 | Build | Palisade Wall |
| 9:31 | Build | Palisade Wall |
| 9:37 | Build | Palisade Wall |
| 10:10 | Build | Palisade Wall |
| 10:14 | Create | Villager (Male) |
| 10:33 | Build | Palisade Wall |
| 10:35 | Build | Palisade Wall |
| 10:36 | Build | Palisade Wall |
| 10:36 | Build | Palisade Wall |
| 11:28 | Build | House |
| 11:30 | Age | Feudal Age |
| 11:31 | Research | Man-at-Arms (upgrade) |
| 11:33 | Build | Archery Range |
| 11:37 | Research | Double-Bit Axe |
| 11:38 | Research | Double-Bit Axe |
| 11:52 | Create | Villager (Male) |
| 12:09 | Research | Arson |
| 12:10 | Create | Villager (Male) |
| 12:26 | Build | Farm |
| 12:30 | Create | Archer |
| 12:31 | Create | Villager (Male) |
| 12:50 | Create | Villager (Male) |
| 12:50 | Create | Archer |
| 12:52 | Create | Villager (Male) |
| 12:56 | Create | Archer |
| 13:13 | Create | Archer |
| 13:19 | Create | Villager (Male) |
| 13:26 | Build | Watch Tower |
| 13:26 | Create | Archer |
| 13:31 | Build | Watch Tower |
| 13:45 | Build | Farm |
| 13:45 | Build | Farm |
| 13:47 | Create | Villager (Male) |
| 14:01 | Create | Archer |
| 14:08 | Create | Villager (Male) |
| 14:28 | Create | Villager (Male) |
| 14:38 | Create | Villager (Male) |
| 14:38 | Create | Archer |
| 14:40 | Create | Villager (Male) |
| 14:49 | Create | Archer |
| 14:49 | Create | Archer |
| 14:55 | Create | Villager (Male) |
| 14:58 | Create | Archer |
| 15:03 | Build | House |
| 15:24 | Build | Blacksmith |
| 15:25 | Build | Farm |
| 15:26 | Build | Farm |
| 15:26 | Build | Farm |
| 15:26 | Build | Farm |
| 15:27 | Build | Farm |
| 15:42 | Research | Horse Collar |
| 15:56 | Build | Outpost |
| 16:00 | Build | Market |
| 16:04 | Create | Archer |
| 16:07 | Research | Fletching |
| 16:12 | Create | Villager (Male) |
| 16:19 | Build | Farm |
| 16:42 | Build | House |
| 16:43 | Create | Villager (Male) |
| 17:05 | Build | Watch Tower |
| 17:21 | Create | Archer |
| 17:24 | Research | Castle Age |
| 17:24 | Research | Castle Age |
| 17:38 | Build | Outpost |
| 17:42 | Build | Outpost |
| 17:48 | Build | House |
| 18:24 | Create | Archer |
| 18:35 | Build | Palisade Wall |
| 18:40 | Create | Villager (Male) |
| 18:42 | Build | Palisade Wall |
| 18:46 | Build | Palisade Wall |
| 18:53 | Build | Palisade Wall |
| 18:58 | Build | Palisade Wall |
| 18:59 | Build | Palisade Wall |
| 19:17 | Build | Stable |
| 19:21 | Build | Stable |
| 19:24 | Research | Gold Mining |
| 19:26 | Research | Horse Collar |
| 19:28 | Build | Farm |
| 19:30 | Build | Farm |
| 19:31 | Build | Farm |
| 19:34 | Build | Farm |
| 19:34 | Build | Farm |
| 19:38 | Build | Farm |
| 19:39 | Build | Farm |
| 19:42 | Build | Farm |
| 20:04 | Age | Castle Age |
| 20:06 | Create | Knight |
| 20:06 | Create | Knight |
| 20:12 | Research | Scale Barding Armor |
| 20:29 | Create | Knight |
| 20:30 | Create | Knight |
| 20:48 | Create | Villager (Male) |
| 20:52 | Build | Siege Workshop |
| 20:55 | Create | Knight |
| 20:55 | Create | Knight |
| 21:08 | Create | Villager (Male) |
| 21:25 | Create | Villager (Male) |
| 21:29 | Create | Knight |
| 21:29 | Create | Knight |
Build order — VENÓN | Miauricio
First 150 of 180 actions detected
| 0:00 | Create | Villager (Male) |
| 0:01 | Create | Villager (Male) |
| 0:01 | Create | Villager (Male) |
| 0:02 | Build | House |
| 0:02 | Build | House |
| 0:03 | Create | Villager (Male) |
| 0:03 | Create | Villager (Male) |
| 1:18 | Create | Villager (Male) |
| 1:20 | Research | Loom |
| 1:23 | Create | Villager (Male) |
| 1:38 | Create | Villager (Male) |
| 1:38 | Create | Villager (Male) |
| 2:17 | Create | Villager (Male) |
| 2:31 | Build | Lumber Camp |
| 2:37 | Create | Villager (Male) |
| 2:50 | Create | Villager (Male) |
| 3:24 | Create | Villager (Male) |
| 3:24 | Create | Villager (Male) |
| 3:38 | Create | Villager (Male) |
| 3:54 | Build | House |
| 3:55 | Build | House |
| 3:59 | Create | Villager (Male) |
| 4:20 | Create | Villager (Male) |
| 4:21 | Create | Villager (Male) |
| 4:34 | Create | Villager (Male) |
| 4:57 | Create | Villager (Male) |
| 4:57 | Create | Villager (Male) |
| 5:23 | Create | Villager (Male) |
| 5:29 | Build | Mill |
| 5:53 | Create | Villager (Male) |
| 6:02 | Create | Villager (Male) |
| 6:15 | Create | Villager (Male) |
| 6:25 | Build | House |
| 7:07 | Create | Villager (Male) |
| 7:17 | Create | Villager (Male) |
| 7:29 | Create | Villager (Male) |
| 7:29 | Create | Villager (Male) |
| 7:38 | Create | Villager (Male) |
| 7:38 | Create | Villager (Male) |
| 7:38 | Create | Villager (Male) |
| 7:39 | Create | Villager (Male) |
| 7:46 | Create | Villager (Male) |
| 7:53 | Create | Villager (Male) |
| 7:53 | Create | Villager (Male) |
| 8:00 | Create | Villager (Male) |
| 8:14 | Build | Mill |
| 8:16 | Build | Palisade Wall |
| 8:19 | Build | Palisade Wall |
| 8:22 | Create | Villager (Male) |
| 8:27 | Build | Palisade Wall |
| 8:28 | Build | Palisade Wall |
| 8:37 | Create | Villager (Male) |
| 8:59 | Build | Lumber Camp |
| 9:07 | Research | Feudal Age |
| 9:31 | Build | House |
| 9:59 | Build | Mining Camp |
| 10:26 | Build | Barracks |
| 10:34 | Build | Palisade Wall |
| 10:38 | Build | Palisade Wall |
| 10:39 | Build | Palisade Wall |
| 10:49 | Build | Palisade Wall |
| 10:49 | Build | Palisade Wall |
| 10:51 | Build | Palisade Wall |
| 11:05 | Create | Villager (Male) |
| 11:16 | Build | House |
| 11:21 | Build | House |
| 11:21 | Age | Feudal Age |
| 11:26 | Research | Double-Bit Axe |
| 11:37 | Create | Villager (Male) |
| 11:39 | Build | Archery Range |
| 11:39 | Create | Villager (Male) |
| 11:43 | Create | Villager (Male) |
| 11:44 | Create | Villager (Male) |
| 11:44 | Create | Villager (Male) |
| 11:44 | Create | Villager (Male) |
| 11:48 | Create | Villager (Male) |
| 11:49 | Create | Villager (Male) |
| 11:49 | Create | Villager (Male) |
| 11:59 | Build | Watch Tower |
| 12:03 | Build | Palisade Wall |
| 12:05 | Build | Palisade Wall |
| 12:06 | Build | Palisade Wall |
| 12:07 | Build | Palisade Wall |
| 12:14 | Build | House |
| 12:20 | Build | House |
| 12:21 | Build | Palisade Wall |
| 12:28 | Build | House |
| 12:29 | Create | Archer |
| 12:32 | Create | Villager (Male) |
| 12:37 | Research | Horse Collar |
| 13:03 | Create | Villager (Male) |
| 13:07 | Build | Palisade Wall |
| 13:09 | Build | Palisade Wall |
| 13:14 | Create | Archer |
| 13:17 | Build | Palisade Wall |
| 13:23 | Create | Villager (Male) |
| 13:29 | Create | Archer |
| 13:31 | Create | Archer |
| 13:39 | Create | Archer |
| 13:43 | Create | Spearman |
| 13:43 | Create | Villager (Male) |
| 13:54 | Build | Blacksmith |
| 14:28 | Create | Archer ×2 |
| 14:44 | Create | Villager (Male) |
| 15:14 | Build | Palisade Gate |
| 15:20 | Create | Villager (Male) |
| 15:33 | Build | Archery Range |
| 15:36 | Build | Farm |
| 15:36 | Create | Villager (Male) |
| 15:37 | Create | Villager (Male) |
| 15:48 | Build | Farm |
| 15:52 | Build | Farm |
| 15:55 | Build | Farm |
| 15:59 | Create | Skirmisher ×3 |
| 16:11 | Build | Farm |
| 16:15 | Build | Farm |
| 16:15 | Create | Villager (Male) |
| 16:17 | Create | Archer |
| 16:18 | Build | House |
| 16:32 | Create | Villager (Male) |
| 16:37 | Create | Skirmisher ×3 |
| 16:43 | Create | Villager (Male) |
| 16:47 | Create | Skirmisher |
| 16:58 | Build | Farm |
| 17:01 | Build | Farm |
| 17:02 | Create | Villager (Male) |
| 17:03 | Build | Farm |
| 17:04 | Create | Villager (Male) |
| 17:13 | Create | Villager (Male) |
| 17:14 | Create | Villager (Male) |
| 17:23 | Build | Farm |
| 17:24 | Create | Skirmisher |
| 17:40 | Research | Padded Archer Armor |
| 17:45 | Research | Fletching |
| 17:50 | Research | Padded Archer Armor |
| 17:53 | Create | Archer |
| 17:56 | Build | Farm |
| 17:58 | Build | Farm |
| 17:59 | Create | Skirmisher |
| 18:04 | Build | Palisade Wall |
| 18:05 | Build | Palisade Wall |
| 18:05 | Build | Palisade Wall |
| 18:07 | Build | Palisade Wall |
| 18:08 | Build | Palisade Wall |
| 18:09 | Build | Palisade Wall |
| 18:10 | Build | Palisade Wall |
| 18:23 | Create | Villager (Male) |
| 18:24 | Create | Villager (Male) |
| 18:27 | Build | Farm |
| 18:27 | Build | Farm |
Match timeline
| 1:33 | Survivalist · first_building Barracks |
| 6:44 | Survivalist · wall_segment Palisade Wall x1 |
| 6:44 | Survivalist · wall_segment Palisade Wall x1 |
| 7:43 | Survivalist · wall_segment Palisade Wall x1 |
| 7:45 | Survivalist · wall_segment Palisade Wall x1 |
| 7:48 | Survivalist · wall_segment Palisade Wall x4 |
| 7:49 | Survivalist · wall_segment Palisade Wall x1 |
| 7:57 | Survivalist · wall_segment Palisade Wall x4 |
| 8:16 | VENÓN | Miauricio · wall_segment Palisade Wall x1 |
| 8:19 | VENÓN | Miauricio · wall_segment Palisade Wall x1 |
| 8:27 | VENÓN | Miauricio · wall_segment Palisade Wall x1 |
| 8:28 | VENÓN | Miauricio · wall_segment Palisade Wall x1 |
| 9:30 | Survivalist · wall_segment Palisade Wall x1 |
| 9:30 | Survivalist · wall_segment Palisade Wall x1 |
| 9:31 | Survivalist · wall_segment Palisade Wall x1 |
| 9:31 | Survivalist · wall_segment Palisade Wall x2 |
| 9:31 | Survivalist · wall_segment Palisade Wall x1 |
| 9:37 | Survivalist · wall_segment Palisade Wall x1 |
| 10:10 | Survivalist · wall_segment Palisade Wall x1 |
| 10:26 | VENÓN | Miauricio · first_building Barracks |
| 10:33 | Survivalist · wall_segment Palisade Wall x1 |
| 10:34 | VENÓN | Miauricio · wall_segment Palisade Wall x1 |
| 10:35 | Survivalist · wall_segment Palisade Wall x2 |
| 10:36 | Survivalist · wall_segment Palisade Wall x1 |
| 10:36 | Survivalist · wall_segment Palisade Wall x2 |
| 10:38 | VENÓN | Miauricio · wall_segment Palisade Wall x1 |
| 10:39 | VENÓN | Miauricio · wall_segment Palisade Wall x1 |
| 10:49 | VENÓN | Miauricio · wall_segment Palisade Wall x1 |
| 10:49 | VENÓN | Miauricio · wall_segment Palisade Wall x1 |
| 10:51 | VENÓN | Miauricio · wall_segment Palisade Wall x1 |
| 11:21 | VENÓN | Miauricio · age_up feudal |
| 11:30 | Survivalist · age_up feudal |
| 11:33 | Survivalist · first_building Archery Range |
| 11:39 | VENÓN | Miauricio · first_building Archery Range |
| 12:03 | VENÓN | Miauricio · wall_segment Palisade Wall x1 |
| 12:05 | VENÓN | Miauricio · wall_segment Palisade Wall x1 |
| 12:06 | VENÓN | Miauricio · wall_segment Palisade Wall x1 |
| 12:07 | VENÓN | Miauricio · wall_segment Palisade Wall x1 |
| 12:21 | VENÓN | Miauricio · wall_segment Palisade Wall x1 |
| 13:07 | VENÓN | Miauricio · wall_segment Palisade Wall x1 |
| 13:09 | VENÓN | Miauricio · wall_segment Palisade Wall x1 |
| 13:17 | VENÓN | Miauricio · wall_segment Palisade Wall x1 |
| 17:04 | Survivalist · first_market_buy 100 stone |
| 18:04 | VENÓN | Miauricio · wall_segment Palisade Wall x1 |
| 18:05 | VENÓN | Miauricio · wall_segment Palisade Wall x1 |
| 18:05 | VENÓN | Miauricio · wall_segment Palisade Wall x1 |
| 18:07 | VENÓN | Miauricio · wall_segment Palisade Wall x1 |
| 18:08 | VENÓN | Miauricio · wall_segment Palisade Wall x1 |
| 18:09 | VENÓN | Miauricio · wall_segment Palisade Wall x1 |
| 18:10 | VENÓN | Miauricio · wall_segment Palisade Wall x1 |
| 18:35 | Survivalist · wall_segment Palisade Wall x1 |
| 18:42 | Survivalist · wall_segment Palisade Wall x1 |
| 18:46 | Survivalist · wall_segment Palisade Wall x1 |
| 18:53 | Survivalist · wall_segment Palisade Wall x1 |
| 18:58 | Survivalist · wall_segment Palisade Wall x1 |
| 18:59 | Survivalist · wall_segment Palisade Wall x1 |
| 19:17 | Survivalist · first_building Stable |
| 20:04 | Survivalist · age_up castle |
| 20:52 | Survivalist · first_building Siege Workshop |
| 21:36 | VENÓN | Miauricio · resign |
[ AI ANALYSIS · 1 CREDIT ]
What really happened in this match?
Wolo.gg analyzes every decision: build order, eco, micro, common mistakes by bracket. Personalized analysis on WhatsApp or Discord in 30 seconds.
Civ guide
Malians
Perfil
Jugador #247224